 Dungeon Crawl Stone Soup version 0.20-a0-350-ga83eecc (webtiles) character file.

77 RonnieColeman the Conjurer (level 4, -11/27 HPs)
             Began as an Octopode Conjurer on Dec 23, 2016.
             Killed from afar by Ijyb (15 damage)
             ... with a wand of lightning (?/15)
             ... on level 3 of the Dungeon.
             The game lasted 00:05:10 (1811 turns).

RonnieColeman the Conjurer (Octopode Conjurer)      Turns: 1811, Time: 00:05:11

Health: -11/27     AC:  1    Str:  7    XL:     4   Next: 34%
Magic:  6/9        EV: 13    Int: 18    God:
Gold:   74         SH:  0    Dex: 12    Spells: 9/10 levels left

rFire  . . .     SeeInvis .     e - +0 trident
rCold  . . .     Gourm    .     (no shield)
rNeg   . . .     Faith    .     (helmet restricted)
rPois  .         Spirit   .     (no amulet)
rElec  .         Reflect  .     (no ring)
rCorr  .         Harm     .     (no ring)
MR     .....                    (no ring)
Stlth  +++.......               (no ring)
                                (no ring)
                                (no ring)
                                (no ring)
                                (no ring)

@: no status effects
A: almost no armour, stealthy swim, amphibious, 8 rings, constrict 8, camouflage
1, gelatinous body 1
a: no special abilities


You were on level 3 of the Dungeon.
You were not hungry.

You visited 1 branch of the dungeon, and saw 3 of its levels.

You collected 74 gold pieces.

Inventory:

Hand Weapons
 c - a +0 whip
 e - a +0 trident (weapon)
 o - a +0 hand axe of chopping
Scrolls
 d - 3 scrolls of amnesia {unknown}
 f - a scroll of remove curse {unknown}
 i - a scroll of teleportation {unknown}
 l - 2 scrolls of enchant armour {unknown}
 m - 2 scrolls of identify {unknown}
 p - a scroll of noise {unknown}
Potions
 g - 3 potions of might {unknown}
 j - 2 potions of curing {unknown}
 n - 2 potions of brilliance {unknown}
Books
 a - a book of Conjurations

   Spells                             Type                      Level
   a - Magic Dart                     Conjuration                  1
   b - Searing Ray                    Conjuration                  2
   c - Dazzling Spray                 Conjuration/Hexes            3
   d - Fulminant Prism                Conjuration/Hexes            4
   e - Iskenderun's Mystic Blast      Conjuration                  4
   f - Iskenderun's Battlesphere      Conjuration/Charms           5
Comestibles
 b - 2 bread rations
 k - a slice of pizza


   Skills:
 - Level 2.0 Dodging
 - Level 2.6 Stealth
 * Level 3.5 Spellcasting
 + Level 4.6 Conjurations


You had 9 spell levels left.
You knew the following spells:

 Your Spells              Type           Power        Failure   Level  Hunger
a - Magic Dart            Conj           ###.         1%          1    None


Dungeon Overview and Level Annotations

Branches:
Dungeon (3/15)

Altars:

Annotations:
D:3 Grinder, Ijyb


Innate Abilities, Weirdness & Mutations

You cannot wear most types of armour.
You are very stealthy in the water. (Stealth+)
You are amphibious.
You can wear up to eight rings at the same time.
You can use your tentacles to constrict eight enemies at once.
Your skin changes colour to match your surroundings (Stealth+).
Your rubbery body absorbs attacks. (AC +1, EV +1)


Message History

a jackal corpse x2
Casting: Magic Dart
Confirm with . or Enter, or press ? or * to list all spells.
Aiming: Magic Dart
Press: ? - help, Shift-Dir - straight line, f - Ijyb
Aim: Ijyb, wielding a long sword and wearing a scale mail (hasn't noticed you)
The magic dart hits Ijyb.
Ijyb shouts!
Ijyb zaps a wand.
The bolt of lightning hits you!
Ouch! That really hurt!
* * * LOW HITPOINT WARNING * * *
It is a wand of lightning (?/15).
Casting: Magic Dart
Confirm with . or Enter, or press ? or * to list all spells.
You don't know that spell.
Things that are here:
a jackal corpse x2
Ijyb zaps a wand.
The bolt of lightning hits you!
Ouch! That really hurt!
You die...

#(# #......h5 #.# #..#.####
.# #.# #..#.#####.#. #.#
#............ #<#
##.##...).#.#. #(# #...
......... #)# #..###...!....
#)# #....†........ #.#
##@####........ ######.####
#.............. .........).#
#..##.........#
....###.##.###>.##....g....#
## #.##..............g...
..#############...#.#. ####
...#... ...# #.


You could see Ijyb.

Vanquished Creatures
  3 adders (D:2)
  A dart slug (D:1)
  4 orcs (D:3)
  A ball python (D:2)
  3 giant cockroaches
  A goblin (D:1)
  8 hobgoblins
  7 jackals
  5 kobolds
  A frilled lizard (D:2)
  7 rats
41 creatures vanquished.

Notes
Turn   | Place    | Note
-------+----------+-------------------------------------------
     0 | D:1      | RonnieColeman the Octopode Conjurer began the quest for the Orb.
     0 | D:1      | Reached XP level 1. HP: 11/11 MP: 3/3
   442 | D:1      | Reached XP level 2. HP: 17/17 MP: 0/5
  1047 | D:2      | Reached XP level 3. HP: 21/21 MP: 7/7
  1395 | D:2      | You fall through a shaft!
  1395 | D:3      | Noticed Grinder
  1415 | D:3      | Reached XP level 4. HP: 25/27 MP: 5/8
  1782 | D:3      | Noticed Ijyb
  1811 | D:3      | Killed from afar by Ijyb

Vault maps used:
D:1:      minmay_arrival_pointy, minivault_14, nrook_loot_triangle
D:3:      kennysheep_boxes, uniq_iyjb, uniq_terence, uniq_jessica, uniq_grinder

Skill      XL: |  1  2  3 |
---------------+----------+-----
Spellcasting   | 3 |  3.5
Dodging        | |  2.0
Stealth        | |  2.6
Conjurations   | |  4.6

Action                   |  1- 3 |  4- 6 || total
-------------------------+-------+-------++-------
Melee: Whip              |     4 |       ||     4
       Constrict         |    13 |     4 ||    17
       Unarmed           |     3 |       ||     3
       Trident           |    48 |    29 ||    77
       Tentacles         |     7 |       ||     7
 Cast: Magic Dart        |    15 |    11 ||    26
 Stab: Sleeping          |     4 |     2 ||     6
  Eat: Chunk             |     1 |     2 ||     3
Armor: Skin              |     6 |     2 ||     8
Dodge: Dodged            |    27 |    22 ||    49
